 Dungeon Crawl Stone Soup version 0.21.1-1-g345015f (webtiles) character file.

65 tidbits the Grave Robber (level 4, 4/32 HPs)
             Began as a Gnoll Necromancer on June 16, 2018.
             Quit the game on level 5 of the Dungeon.
             The game lasted 00:03:47 (387 turns).

tidbits the Grave Robber (Gnoll Necromancer)         Turns: 387, Time: 00:03:47

Health: 4/32       AC:  3    Str: 10    XL:     4   Next: 14%
Magic:  3/11       EV: 15    Int: 19    God:
Gold:   92         SH:  0    Dex: 15    Spells: 5/13 levels left

rFire    . . .     SeeInvis .   a - +0 dagger
rCold    . . .     Gourm    .   (no shield)
rNeg     . . .     Faith    .   e - +0 robe
rPois    .         Spirit   .   (no helmet)
rElec    .         Reflect  .   C - +0 cloak
rCorr    .         Harm     .   (no gloves)
MR       .....                  (no boots)
Stlth    +++.......             (no amulet)
HPRegen  1.10/turn              (no ring)
MPRegen  0.12/turn              (no ring)

@: regenerating
A: distributed training, fangs 1, strong nose
a: no special abilities


You were on level 5 of the Dungeon.
You were not hungry.

You visited 1 branch of the dungeon, and saw 5 of its levels.

You collected 92 gold pieces.

Inventory:

Hand Weapons
 a - a +0 dagger (weapon)
 g - a +0 club
Missiles
 f - 40 arrows
 j - 32 stones (quivered)
Armour
 e - a +0 robe (worn)
 C - a +0 cloak (worn)
Scrolls
 d - a scroll of magic mapping {unknown}
 h - a scroll of teleportation
 i - a scroll of noise {unknown}
 k - a scroll of enchant weapon {unknown}
 l - a scroll of identify {unknown}
Books
 b - a book of Necromancy

   Spells                             Type                      Level
   a - Pain                           Necromancy                   1
   b - Animate Skeleton               Necromancy                   1
   c - Vampiric Draining              Necromancy                   3
   d - Regeneration                   Charms/Necromancy            3
   e - Animate Dead                   Necromancy                   4
   f - Borgnjor's Vile Clutch         Necromancy/Earth             5
Comestibles
 c - 3 rations


   Skills:
 + Level 1.0 Fighting
 + Level 1.0 Short Blades
 + Level 1.0 Long Blades
 + Level 1.0 Axes
 + Level 1.0 Maces & Flails
 + Level 1.0 Polearms
 + Level 1.0 Staves
 + Level 1.0 Slings
 + Level 1.0 Bows
 + Level 1.0 Crossbows
 + Level 1.0 Throwing
 + Level 1.0 Armour
 + Level 4.6 Dodging
 + Level 4.2 Stealth
 + Level 1.0 Shields
 + Level 1.0 Unarmed Combat
 + Level 5.0 Spellcasting
 + Level 0.7 Conjurations
 + Level 0.7 Hexes
 + Level 0.7 Charms
 + Level 0.7 Summonings
 + Level 7.1 Necromancy
 + Level 0.7 Translocations
 + Level 0.7 Transmutations
 + Level 0.7 Fire Magic
 + Level 0.7 Ice Magic
 + Level 0.7 Air Magic
 + Level 0.7 Earth Magic
 + Level 0.7 Poison Magic
 + Level 1.1 Invocations
 + Level 1.0 Evocations


You had 5 spell levels left.
You knew the following spells:

 Your Spells              Type           Power        Failure   Level  Hunger
a - Pain                  Necr           ####         1%          1    None
d - Vampiric Draining     Necr           ####......   1%          3    ##.....
n - Animate Skeleton      Necr           N/A          1%          1    None
r - Regeneration          Chrm/Necr      ###.......   8%          3    ##.....


Dungeon Overview and Level Annotations

Branches:
Dungeon (5/15)
 Temple: D:4-7

Altars:
Kikubaaqudgha

Annotations:
D:4 Dowan, Duvessa


Innate Abilities, Weirdness & Mutations

Your experience applies equally to all skills.
You have very sharp teeth.
Your uncanny sense of smell can sniff out nearby items.


Message History

Found 15 gold pieces.
Casting: Pain
Confirm with . or Enter, or press ? or * to list all spells.
Aiming: Pain
Press: ? - help, Shift-Dir - straight line, f/p - adder
Aim: an adder (moderately wounded, chance to defeat MR: 89%)
The adder writhes in agony!
You hit the adder.
You kill the adder!
You have reached level 4!
You feel clever.
Found a scroll labeled ANNUOC VOKY.
Found a stone staircase leading down.
Found 11 gold pieces.
Found a stone staircase leading up.
A leopard gecko skeleton comes into view.
You found a teleport trap!
Unknown command.
You see here 15 gold pieces.
Unknown command.
You now have 68 gold pieces (gained 15).
Your magical contamination has completely faded away.
You barely miss the leopard gecko skeleton.
You barely miss the leopard gecko skeleton.
Your bite misses the leopard gecko skeleton.
The leopard gecko skeleton closely misses you.
You barely miss the leopard gecko skeleton.
The leopard gecko skeleton closely misses you.
You hit the leopard gecko skeleton.
The leopard gecko skeleton is heavily damaged.
The leopard gecko skeleton misses you.
You hit the leopard gecko skeleton.
You destroy the leopard gecko skeleton!
There is a stone staircase leading up here.
You climb upwards.
There is a stone staircase leading down here.
Unknown command.
You climb downwards.
There is a stone staircase leading up here.
Unknown command.
You see here 11 gold pieces.
You now have 79 gold pieces (gained 11).
You see here a scroll labeled ANNUOC VOKY.
l - a scroll labeled ANNUOC VOKY
Found a short sword.
A quokka comes into view.
Casting: Pain
Confirm with . or Enter, or press ? or * to list all spells.
Aiming: Pain
Press: ? - help, Shift-Dir - straight line, f - quokka
Aim: a quokka (hasn't noticed you, chance to defeat MR: 93%)
The quokka writhes in agony!
Casting: Pain
Confirm with . or Enter, or press ? or * to list all spells.
Aiming: Pain
Press: ? - help, Shift-Dir - straight line, f/p - quokka
Aim: a quokka (heavily wounded, chance to defeat MR: 93%)
The quokka writhes in agony!
You kill the quokka!
Duvessa and Dowan come into view.
Found 13 gold pieces.
You see here a quokka corpse.
Press: ? - help, v - describe, . - travel
Here: Duvessa, wielding a rapier and wearing a leather armour (resting)
The floor.
Placed new exclusion.
Dowan shouts!
Dowan points at you and mumbles some strange words.
The puff of frost misses you.
You hear a shout!
Found 10 gold pieces.
You see here 13 gold pieces.
You now have 92 gold pieces (gained 13).
Dowan casts a spell at you. The puff of frost hits you!
* * * LOW HITPOINT WARNING * * *
Dowan casts a spell at you. The puff of frost misses you.
Dowan says, "My weaknesses are her strengths!"
Dowan points at you and mumbles some strange words.
The puff of flame hits you!
* * * LOW HITPOINT WARNING * * *
There is a stone staircase leading down here.
You climb downwards. 3 orcs and a shadow imp come into view.
Found 25 gold pieces, a trident and a metallic green potion.
There is a stone staircase leading up here.
The orc shouts!
You hear a shout!
Casting: Pain
Confirm with . or Enter, or press ? or * to list all spells.
Your skin crawls.
The shadow imp shouts!
You hear a shout! x2
You aren't carrying any potions.
Unknown command.
Found a fizzy ruby potion.
A jelly and a worker ant come into view.
The jelly quivers.
Found 17 gold pieces.
You see here 15 gold pieces.
Are you sure you want to abandon this character and quit the game? (Confirm with "yes".)

...a.. #.$.... #
..J.... #.####
....... #.....#
.....!. .......##
.......
........####.......
......5<...@.....#
........####...#.#
....o.).# ####
........# ........#
....$...! ......oo.
.......o.


You could see a jelly, a worker ant (sleeping), a shadow imp and an orc.

Vanquished Creatures
  A howler monkey (D:4)
  2 adders
  A ball python (D:1)
  A giant cockroach (D:1)
  3 goblins (D:1)
  A quokka (D:4)
  A kobold (D:3)
  A leopard gecko skeleton (D:4)
11 creatures vanquished.

Notes
Turn   | Place    | Note
-------+----------+-------------------------------------------
     0 | D:1      | tidbits the Gnoll Necromancer began the quest for the Orb.
     0 | D:1      | Reached XP level 1. HP: 13/13 MP: 6/6
    57 | D:1      | Reached XP level 2. HP: 10/19 MP: 0/7
    60 | D:1      | Learned a level 1 spell: Animate Skeleton
   295 | D:4      | Noticed a howler monkey
   297 | D:4      | Found an ancient bone altar of Kikubaaqudgha.
   301 | D:4      | Killed a howler monkey
   301 | D:4      | Reached skill level 1 in Fighting
   301 | D:4      | Reached skill level 1 in Short Blades
   301 | D:4      | Reached skill level 1 in Long Blades
   301 | D:4      | Reached skill level 1 in Axes
   301 | D:4      | Reached skill level 1 in Maces & Flails
   301 | D:4      | Reached skill level 1 in Polearms
   301 | D:4      | Reached skill level 1 in Staves
   301 | D:4      | Reached skill level 1 in Slings
   301 | D:4      | Reached skill level 1 in Bows
   301 | D:4      | Reached skill level 1 in Crossbows
   301 | D:4      | Reached skill level 1 in Throwing
   301 | D:4      | Reached skill level 1 in Armour
   301 | D:4      | Reached skill level 1 in Shields
   301 | D:4      | Reached skill level 1 in Unarmed Combat
   301 | D:4      | Reached skill level 5 in Spellcasting
   301 | D:4      | Reached skill level 1 in Invocations
   301 | D:4      | Reached skill level 1 in Evocations
   301 | D:4      | Reached XP level 3. HP: 17/26 MP: 4/9
   306 | D:4      | Learned a level 3 spell: Regeneration
   311 | D:4      | Learned a level 3 spell: Vampiric Draining
   326 | D:4      | Reached XP level 4. HP: 18/32 MP: 0/11
   362 | D:4      | Noticed Duvessa
   362 | D:4      | Noticed Dowan
   379 | D:4      | HP: 1/32 [Dowan/puff of flame (14)]
   381 | D:5      | Entered Level 5 of the Dungeon
   387 | D:5      | Quit the game

Skill      XL: |  1  2 |
---------------+-------+-----
Fighting       | 1 |  1.0
Short Blades   | 1 |  1.0
Long Blades    | 1 |  1.0
Axes           | 1 |  1.0
Maces & Flails | 1 |  1.0
Polearms       | 1 |  1.0
Staves         | 1 |  1.0
Slings         | 1 |  1.0
Bows           | 1 |  1.0
Crossbows      | 1 |  1.0
Throwing       | 1 |  1.0
Armour         | 1 |  1.0
Shields        | 1 |  1.0
Unarmed Combat | 1 |  1.0
Spellcasting   | 5 |  5.0
Invocations    | 1 |  1.1
Evocations     | 1 |  1.0
Dodging        | |  4.6
Stealth        | |  4.2
Conjurations   | |  0.7
Hexes          | |  0.7
Charms         | |  0.7
Summonings     | |  0.7
Necromancy     | |  7.1
Translocations | |  0.7
Transmutations | |  0.7
Fire Magic     | |  0.7
Ice Magic      | |  0.7
Air Magic      | |  0.7
Earth Magic    | |  0.7
Poison Magic   | |  0.7

Action                   |  1- 3 |  4- 6 || total
-------------------------+-------+-------++-------
Melee: Dagger            |     3 |     5 ||     8
 Cast: Pain              |    14 |     2 ||    16
       Regeneration      |       |     1 ||     1
  Use: Scroll            |     1 |       ||     1
 Stab: Sleeping          |     2 |       ||     2
Armor: Robe              |     1 |       ||     1
Dodge: Dodged            |     2 |     5 ||     7

Table legend:
 A = Turns spent in this place as a percentage of turns spent in the entire game.
 B = Non-inter-level travel turns spent in this place as a percentage of non-inter-level travel turns spent in the entire game.
 C = Inter-level travel turns spent in this place as a percentage of turns spent in this place.
 D = Turns resting spent in this place as a percentage of non-inter-level travel turns spent in this place.
 E = Turns spent auto-exploring this place as a percentage of non-inter-level travel turns spent in this place.
 F = Non-inter-level travel turns spent in this place divided by the number of levels of this place that you've seen.
                   A       B       C       D       E      F
               +-------+-------+-------+-------+-------+----------------------
         Total | 100.0 | 100.0 |   5.4 |   0.0 |   0.0 |  73.2
       Dungeon | 100.0 | 100.0 |   5.4 |   0.0 |   0.0 |  73.2
               +-------+-------+-------+-------+-------+----------------------

Table legend:
 A = Kills in this place as a percentage of kills in entire the game.
 B = Kills by you in this place as a percentage of kills by you in the entire game.
 C = Kills by friends in this place as a percentage of kills by friends in the entire game.
 D = Other kills in this place as a percentage of other kills in the entire game.
 E = Experience gained in this place as a percentage of experience gained in the entire game.
 F = Experience gained in this place divided by the number of levels of this place that you have seen.
                   A       B       C       D       E      F
               +-------+-------+-------+-------+-------+----------------------
         Total | 100.0 | 100.0 |   N/A |   N/A | 100.0 |  18.8
       Dungeon | 100.0 | 100.0 |   N/A |   N/A | 100.0 |  18.8
               +-------+-------+-------+-------+-------+----------------------

Vault maps used:
D:1:      minmay_arrival_loop, kennysheep_crisscross, minmay_hexomino_p4
D:3:      first_ration, okawaru_metal_pillars_1_2, uniq_ijyb
D:4:      grunt_temple_overflow_open, minmay_temple_entry_junction, uniq_duvessa
D:5:      serial_shops, shop
